AoeStats
← Red Calypso

Arena

509519039Analyzed
4v4 RM · 5d ago on Sep 27, 2026· 70m 55s· 8 players
Game mode
Random Map
Map size
Large (8 player)
Population
200
Speed
Normal
Resources
Standard
Victory
Conquest
Starting age
Dark Age
Ending age
Imperial Age
RankedLock teamsTeams togetherTeam positionsShared explorationLock speedFull tech treeHidden civsTurbo modeCheats
Victory
Defeat
🇺🇸 Saxons · United States
1462
+16
🇺🇸 Varangians · United States
1434
+17
🇨🇳 Franks · China
1419
+17
🇺🇸 Japanese · United States
1369
+20
🇩🇪 Persians · Germany
1493
-19
🇩🇪 Saracens · Germany
1465
-18
🇨🇳 Cumans · China
1431
-17
🇦🇹 Britons · Austria
1409
-16
Nomore
10:59 Feudal Age
14:32 Castle Age
15:32 Double-Bit Axe
16:44 Wheelbarrow
16:39 Bow Saw
18:09 Town Watch
19:17 Loom
20:58 Wheelbarrow
22:00 Gold Mining
22:04 Stone Mining
24:44 Gold Shaft Mining
24:18 Scale Barding Armor
28:19 Imperial Age
26:45 Hand Cart
26:37 Scale Barding Armor
26:45 Forging
27:55 Chain Barding Armor
28:29 Husbandry
29:06 Iron Casting
28:37 Cavalier
29:53 Plate Barding Armor
30:27 Chivalry
30:48 Conscription
30:45 Paladin
32:45 Blast Furnace
35:16 Light Cavalry
42:52 Caravan
43:22 Coinage
44:20 Fletching
44:31 Padded Archer Armor
45:16 Banking
47:30 Ordonnance Companies
48:14 Elite Skirmisher
48:51 Bodkin Arrow
49:12 Leather Archer Armor
49:19 Ballistics
49:11 Masonry
48:43 Treadmill Crane
50:04 Chemistry
Takerofthehill
7:17 Loom
9:09 Feudal Age
11:18 Fletching
18:39 Double-Bit Axe
22:49 Castle Age
22:12 Wheelbarrow
22:19 Arson
22:18 Horse Collar
23:37 Scale Mail Armor
25:22 Chain Mail Armor
26:24 Forging
33:10 Murder Holes
40:42 Bow Saw
42:31 Ballistics
48:00 Imperial Age
46:52 Squires
49:17 Plate Mail Armor
48:19 Elite Varangian Guard
49:38 Iron Casting
48:44 Capped Ram
49:26 Elite Varangian Guard
49:59 Siege Ram
50:57 Elite Varangian Guard
54:22 Bodkin Arrow
55:01 Hand Cart
54:30 Pikeman
56:09 Conscription
56:43 Siege Engineers
56:34 Halberdier
60:33 Shield Wall
62:48 Bracer
62:48 Padded Archer Armor
63:15 Gambesons
64:41 Hoardings
65:08 Caravan
65:49 Guard Tower
67:01 Chemistry
71:31 Heavy Plow
Non faux pa
10:50 Feudal Age
15:12 Castle Age
13:50 Double-Bit Axe
14:32 Horse Collar
20:54 Loom
22:19 Wheelbarrow
22:09 Gold Mining
24:33 Stone Mining
29:49 Imperial Age
27:44 Ballistics
27:14 Fletching
27:27 Treadmill Crane
27:58 Bodkin Arrow
28:44 Scale Mail Armor
28:05 Pikeman
29:37 Fortified Wall
29:51 Bloodlines
30:41 Bracer
31:37 Husbandry
31:49 Thumb Ring
31:46 Padded Archer Armor
32:18 Kataparuto
32:49 Leather Archer Armor
33:42 Parthian Tactics
33:08 Heavy Cavalry Archer
37:04 Chemistry
37:33 Chain Mail Armor
37:29 Forging
37:31 Halberdier
40:37 Plate Mail Armor
42:31 Iron Casting
45:56 Siege Engineers
53:06 Elite Skirmisher
65:14 Caravan
Alt+F4 | Haise
9:57 Feudal Age
12:56 Horse Collar
13:59 Double-Bit Axe
19:02 Castle Age
18:07 Scale Barding Armor
18:21 Bloodlines
18:19 Gold Mining
18:34 Loom
19:39 Fletching
20:01 Forging
19:18 Light Cavalry
20:59 Bow Saw
21:55 Town Watch
24:13 Wheelbarrow
24:05 Forging
24:37 Chain Barding Armor
29:59 Imperial Age
27:54 Padded Archer Armor
27:44 Fletching
28:09 Stone Mining
28:16 Fletching
29:08 Chain Barding Armor
29:26 Iron Casting
31:58 Plate Barding Armor
31:29 Cavalier
32:29 Capped Ram
35:35 Conscription
37:19 Blast Furnace
40:27 Heavy Plow
41:09 Vendel Legacy
48:25 Elite Skirmisher
51:25 Hand Cart
54:52 Bodkin Arrow
55:56 Ballistics
60:39 Leather Archer Armor
61:40 Bracer
72:00 Ring Archer Armor
Red Calypso
10:25 Feudal Age
11:31 Loom
14:13 Castle Age
13:34 Loom
16:03 Double-Bit Axe
16:54 Town Watch
22:36 Bow Saw
25:40 Wheelbarrow
30:11 Imperial Age
28:31 Gold Mining
28:53 Horse Collar
29:30 Fletching
30:04 Ballistics
30:52 Gold Shaft Mining
30:08 Stone Mining
30:21 Heavy Plow
30:58 Yeomen
30:54 Bodkin Arrow
32:04 Chemistry
31:15 Bodkin Arrow
32:04 Bracer
34:36 Masonry
34:48 Padded Archer Armor
37:06 Two-Man Saw
37:33 Scale Mail Armor
37:51 Leather Archer Armor
37:42 Crossbowman
38:57 Conscription
38:02 Pikeman
38:43 Squires
39:21 Ring Archer Armor
38:52 Scale Mail Armor
39:02 Forging
39:43 Siege Engineers
39:05 Arbalester
40:58 Architecture
41:25 Hoardings
40:53 Murder Holes
41:55 Chain Mail Armor
42:15 Iron Casting
44:25 Plate Mail Armor
44:55 Blast Furnace
44:29 Capped Ram
46:40 Hand Cart
46:15 Halberdier
47:26 Guilds
52:47 Fortified Wall
52:22 Elite Skirmisher
56:20 Man-at-Arms
56:58 Long Swordsman
57:36 Two-Handed Swordsman
59:34 Arson
61:30 Champion
63:03 Gambesons
sunSmit
9:56 Feudal Age
13:55 Castle Age
12:16 Double-Bit Axe
12:42 Horse Collar
16:09 Bow Saw
19:29 Gold Mining
20:07 Stone Mining
21:25 Wheelbarrow
21:12 Crossbowman
21:46 Fletching
22:32 Bodkin Arrow
22:36 Crossbowman
25:24 Hand Cart
25:38 Loom
29:12 Imperial Age
27:15 Ballistics
26:59 Town Watch
27:59 Padded Archer Armor
28:35 Gold Shaft Mining
28:08 Thumb Ring
29:55 Bracer
31:29 Chemistry
30:39 Masonry
31:31 Two-Man Saw
30:37 Heavy Plow
31:04 Conscription
31:51 Conscription
31:57 Leather Archer Armor
31:43 Scale Mail Armor
31:54 Forging
31:11 Pikeman
31:52 Squires
33:15 Ring Archer Armor
32:07 Arbalester
33:16 Forging
34:34 Town Patrol
36:20 Chain Mail Armor
36:41 Iron Casting
38:46 Caravan
39:16 Coinage
48:08 Banking
55:03 Fortified Wall
54:59 Siege Engineers
57:32 Scale Barding Armor
58:28 Blast Furnace
59:30 Bloodlines
59:20 Husbandry
58:41 Light Cavalry
62:29 Hussar
64:03 Chain Barding Armor
65:39 Chain Barding Armor
69:19 Plate Barding Armor
LukasPlanet
10:11 Feudal Age
13:54 Castle Age
12:35 Double-Bit Axe
12:31 Horse Collar
15:08 Bow Saw
15:40 Heavy Plow
21:27 Wheelbarrow
22:59 Hand Cart
23:33 Gold Mining
23:33 Stone Mining
25:02 Gold Shaft Mining
27:46 Imperial Age
26:38 Stone Shaft Mining
26:10 Scale Barding Armor
26:15 Forging
25:52 Loom
25:52 Town Watch
27:16 Chain Barding Armor
27:06 Forging
27:31 Town Patrol
28:42 Plate Barding Armor
29:13 Two-Man Saw
28:17 Husbandry
28:27 Bloodlines
27:58 Cavalier
30:27 Iron Casting
32:28 Conscription
31:42 Savar
33:33 Blast Furnace
34:56 Crop Rotation
35:27 Hoardings
39:55 Caravan
40:37 Coinage
57:23 Scale Mail Armor
57:14 Fletching
58:02 Light Cavalry
63:53 Heavy Camel Rider
V我50%匡扶汉室
8:55 Feudal Age
10:05 Double-Bit Axe
11:41 Loom
17:06 Fletching
33:25 Wheelbarrow
45:16 Castle Age
43:29 Scale Barding Armor
43:34 Forging
46:35 Chain Barding Armor
46:51 Iron Casting
Connection lost

Rejoining the realm…

Still unreachable

The connection could not be restored.

Session expired

The server has moved on; the page needs a fresh start.